 Dungeon Crawl Stone Soup version 0.28-b1-25-g9875b3fc8c (webtiles) character file.

Game seed: 6119602060869601807

227 cbfl8 the Sneak (level 5, -5/47 HPs)
             Began as a Minotaur Delver on Jan 31, 2022.
             Slain by a wraith (9 damage)
             ... in an ossuary.
             The game lasted 00:02:23 (1181 turns).

cbfl8 the Sneak (Minotaur Delver)                   Turns: 1181, Time: 00:02:24

Health: -5/47      AC:  3    Str: 19    XL:     5   Next: 70%
Magic:  4/4        EV: 12    Int:  7    God:
Gold:   11         SH:  0    Dex: 11    Spells: 4/4 levels left

rFire   . . .      SeeInvis .   s - +5 hand axe
rCold   . . .      Faith    .   (no shield)
rNeg    . . .      Spirit   .   b - +0 leather armour
rPois   .          Reflect  .   (helmet restricted)
rElec   .          Harm     .   (no cloak)
rCorr   .          Rampage  .   (no gloves)
Will    .....                   (no boots)
Stlth   +++.......              (no amulet)
HPRegen 0.15/turn               (no ring)
MPRegen 0.09/turn               (no ring)

@: slowed, very slow
A: horns 2, retaliatory headbutt
a: no special abilities


You were in an ossuary.
You visited 1 branch of the dungeon, and saw 2 of its levels.
You also visited: Ossuary.

You collected 11 gold pieces.

Inventory:

Hand Weapons
 a - a +0 hand axe
 s - a +5 hand axe (weapon)
Armour
 b - a +0 leather armour (worn)
Wands
 g - a wand of digging (3)
Scrolls
 c - a scroll of fog
 d - a scroll of magic mapping
 e - a scroll of fear
 j - 2 scrolls of immolation {unknown}
 k - a scroll of brand weapon {unknown}
 l - 4 scrolls of amnesia {unknown}
 n - 2 scrolls of vulnerability {unknown}
 o - a scroll of identify {unknown}
 q - a scroll of silence {unknown}
Potions
 f - a potion of haste
 h - a potion of heal wounds {unknown}
 i - a potion of magic {unknown}
 m - 2 potions of mutation {unknown}
 p - a potion of might {unknown}
 r - a potion of flight {unknown}


   Skills:
 + Level 4.5 Fighting
 + Level 3.5 Axes
 + Level 1.9 Armour
 + Level 2.7 Dodging
 + Level 5.6 Stealth


You had 4 spell levels left.
You didn't know any spells.
Your spell library was empty.

Dungeon Overview and Level Annotations

Branches:
Dungeon (5/15)            Ossuary (1/1)
 Temple: D:4-7

Altars:

Annotations:
D:4 Edmund


Innate Abilities, Weirdness & Mutations

You have a pair of horns on your head.
You reflexively headbutt those who attack you in melee.


Message History

There is an open door here.
There is an open door here.
There is an open door here.
The helpless wraith fails to defend itself.
You hit the wraith. Your headbutt misses the wraith.
The wraith is lightly damaged.
The wraith hits you. The wraith drains your vigour!
You feel yourself slow down.
You hit the wraith but do no damage.
The wraith is lightly damaged.
The wraith misses you. You furiously retaliate!
You headbutt the wraith. You hit the wraith but do no damage.
The wraith is lightly damaged.
The wraith hits you! The wraith drains your vigour!
You feel as though you will be slow longer.
The wraith hits you.
You hit the wraith but do no damage.
The wraith is lightly damaged.
The wraith hits you! x2; The wraith drains your vigour!
You feel as though you will be slow longer.
You closely miss the wraith.
The wraith is lightly damaged.
The wraith barely misses you. You furiously retaliate!
You headbutt the wraith. The wraith closely misses you.
You hit the wraith.
The wraith is moderately damaged.
The wraith completely misses you.
You barely miss the wraith.
The wraith is moderately damaged.
The wraith hits you!
* * * LOW HITPOINT WARNING * * *
The wraith hits you.
* * * LOW HITPOINT WARNING * * *
The wraith drains your vigour!
You feel as though you will be slow longer.
You barely miss the wraith.
The wraith is moderately damaged.
The wraith closely misses you. You furiously retaliate!
You headbutt the wraith! The wraith hits you!
You die...

#################
#...............#
#.[##..###..##@.#
#.#.#..#z#..#W#.#
#.###..###..###.# ### #######
#...............# #W# #.....#
#.###.......###.###▓#####.8.8.#
#.#z#.......#z#.'.....'.......'
#.###.......###.###▓#####.8.8.#
#...............# #z# #.....#
#.###..###..###.# ### #######


You could see a wraith.

Vanquished Creatures
  A wraith (Ossuary)
  2 wights (Ossuary)
3 creatures vanquished.

Notes
Turn   | Place    | Note
-------+----------+-------------------------------------------
     0 | D:5      | cbfl8 the Minotaur Delver began the quest for the Orb.
     0 | D:5      | Reached XP level 1. HP: 19/19 MP: 0/0
   190 | D:4      | Noticed Edmund
   227 | D:4      | Found a sand-covered staircase.
   235 | Ossuary  | Entered an ossuary
   325 | Ossuary  | Noticed a wraith
   325 | Ossuary  | Noticed a flying skull
   332 | Ossuary  | Noticed a flying skull
   334 | Ossuary  | Noticed a flying skull
   346 | Ossuary  | Noticed a flying skull
   377 | Ossuary  | Noticed a flying skull
   394 | Ossuary  | Noticed a wight
   398 | Ossuary  | Killed a wight
   399 | Ossuary  | Reached XP level 2. HP: 14/27 MP: 1/1
   399 | Ossuary  | Reached XP level 3. HP: 17/33 MP: 2/2
   558 | Ossuary  | Noticed a wraith
   585 | Ossuary  | Reached skill level 1 in Armour
   585 | Ossuary  | Reached skill level 5 in Stealth
   585 | Ossuary  | Reached XP level 4. HP: 5/40 MP: 3/3
   863 | Ossuary  | Noticed a wraith
   872 | Ossuary  | HP: 2/40 [wraith (8)]
   873 | Ossuary  | Killed a wraith
   874 | Ossuary  | Reached XP level 5. HP: 3/47 MP: 4/4
  1181 | Ossuary  | Slain by a wraith

Illustrated notes

Levels and vault maps discovered:
D:4:      layout_loops_corners, tgw_trog, chequers_ossuary_entry_cave,
          uniq_edmund
D:5:      layout_gridville, mainiacjoe_overflow_tiny_flanked
Ossuary:  ossuary_due_cavern

Skill      XL: |  1  2  3  4 |
---------------+-------------+-----
Fighting       | 4 |  4.5
Armour         | 1 |  1.9
Stealth        | 5 |  5.6
Axes           | 3 |  3.5
Dodging        | |  2.7

Action                   |  1- 3 |  4- 6 || total
-------------------------+-------+-------++-------
Melee: Hand axe          |    14 |    18 ||    32
       Headbutt          |     1 |     4 ||     5
  Use: Scroll            |     1 |       ||     1
 Stab: Sleeping          |       |     1 ||     1
Armor: Leather armour    |       |     1 ||     1
Dodge: Dodged            |     9 |    12 ||    21
